 Dungeon Crawl Stone Soup version 0.26-a0-812-g31a745ddcd (webtiles) character file.

Game seed: 13823240210721077392

773 Borgoz the Slasher (level 7, -3/60 HPs)
             Began as a Ghoul Monk on Dec 8, 2020.
             Was a Believer of Okawaru.
             Slain by an iguana (5 damage)
             ... on level 5 of the Dungeon.
             The game lasted 00:06:09 (4844 turns).

Borgoz the Slasher (Ghoul Monk)                     Turns: 4844, Time: 00:06:09

Health: -3/60      AC: 12    Str: 16    XL:     7   Next: 83%
Magic:  7/7        EV:  6    Int:  5    God:    Okawaru [**....]
Gold:   213        SH:  0    Dex: 12    Spells: 6/6 levels left

rFire    + . .     SeeInvis .   a - +0 falchion
rCold    + . .     Faith    .   (no shield)
rNeg     + + +     Spirit   .   k - +0 plate armour
rPois    ∞         Reflect  .   r - +0 helmet
rElec    .         Harm     .   (no cloak)
rCorr    .         Rampage  .   (no gloves)
MR       .....                  (no boots)
Stlth    ..........             f - amulet of regeneration
HPRegen  0.00/turn              i - ring of protection from fire
MPRegen  0.10/turn              (no ring)

@: attractive
A: rotting body, claws 1, cold resistance 1, negative energy resistance 3,
inhibited regeneration, torment resistance, unbreathing
a: Heroism, Renounce Religion


You were on level 5 of the Dungeon.
You worshipped Okawaru.
Okawaru was pleased with you.
You visited 1 branch of the dungeon, and saw 6 of its levels.

You collected 213 gold pieces.

Inventory:

Hand Weapons
 a - a +0 falchion (weapon)
Armour
 k - a +0 plate armour (worn)
 n - the +2 robe "Bofiucea" {rCorr Stlth+}
   (You found it on level 4 of the Dungeon)

   It provides partial protection from all sources of acid and corrosion.
   It makes you more stealthy.
 r - a +0 helmet (worn)
Jewellery
 f - an amulet of regeneration (around neck)
 i - a ring of protection from fire (left claw)
 t - an uncursed ring of wizardry
Wands
 b - a wand of flame (20)
 u - a wand of disintegration (16)
Scrolls
 c - 5 scrolls of identify {unknown}
 d - 4 scrolls of remove curse {unknown}
 l - a scroll of enchant weapon {unknown}
 o - a scroll of amnesia {unknown}
 p - a scroll of fog {unknown}
 s - a scroll of immolation {unknown}
 v - a scroll of blinking {unknown}
Potions
 e - a potion of brilliance
 g - a potion of ambrosia {unknown}
 h - a potion of attraction
 j - a potion of flight {unknown}
 m - a potion of lignification
 q - a potion of heal wounds {unknown}


   Skills:
 + Level 4.8 Fighting
 * Level 4.9 Long Blades
 * Level 3.9 Armour
 + Level 4.0 Dodging
 - Level 2.1 Stealth
 + Level 2.5 Invocations


You had 6 spell levels left.
You didn't know any spells.
Your spell library contained the following spells:

 Spells                   Type           Power        Failure   Level
 Summon Small Mammal      Summ           #...         100%        1
 Call Imp                 Summ           #.......     100%        2
 Call Canine Familiar     Summ           #.......     100%        3
 Summon Guardian Golem    Hex/Summ       #.......     100%        3
 Summon Ice Beast         Ice/Summ       #.......     100%        4
 Summon Lightning Spire   Summ/Air       #.......     100%        4


Dungeon Overview and Level Annotations

Branches:
Dungeon (6/15)
 Temple: D:4-7

Altars:
Elyvilon
Makhleb
Okawaru
Wu Jian
Xom
Yredelemnul
Zin
The Shining One


Innate Abilities, Weirdness & Mutations

Your body is rotting away.
You thrive by killing the living.
You are immune to poison.
You have sharp fingernails.
Your flesh is cold resistant. (rC+)
You are immune to negative energy. (rN+++)
You do not regenerate when monsters are visible.
You are immune to unholy pain and torment.
You can survive without breathing.


Message History

* * * LOW HITPOINT WARNING * * *
You hit the ogre.
The ogre is severely wounded.
You slash the ogre!
The ogre is almost dead.
The ogre hits you but does no damage.
You hit the ogre.
You kill the ogre!
Okawaru accepts your kill.
You feel your intelligence returning.
An iguana comes into view.
The iguana is pulled toward you!
The iguana hisses angrily.
Things that are here:
a +0 giant club; a howler monkey corpse The iguana is pulled toward you!
The iguana bites you.
* * * LOW HITPOINT WARNING * * *
It was a potion of lignification.
You feel woody for a moment. The iguana bites you.
You die...

#......#
#......####.####
#.......<.......
#....[÷####.####
#....>[.....# #####
###.[#÷.##### #...#
#..##.##
#...#####..##..####.
#...'...)@.).........
##...##.##.l.##..###.#
###...................
#......##.#..#.###..##.
#......##.#..#.####.#
#.........#..#.#..... .
#.....########.#.###...
#..................#...
#...##########.#.#...#.


You could see an iguana.

Vanquished Creatures
  An ogre (D:5)
  A necrophage (D:5)
  A gnoll sergeant (D:4)
  A scorpion (D:5)
  A howler monkey (D:5)
  3 hounds
  An orc priest (D:4)
  2 jellies (D:5)
  Terence (D:2)
  An orc wizard (D:5)
  2 worker ants (D:4)
  A hound skeleton (D:6)
  5 adders
  2 worms (D:2)
  4 leopard geckos
  16 orcs
  2 ball pythons
  6 bats
  5 giant cockroaches
  8 hobgoblins
  13 jackals
  3 quokkas
  6 frilled lizards
  8 goblins
  9 kobolds
  A quokka skeleton (D:4)
  6 rats
  A spectral orc (D:2)
111 creatures vanquished.

Notes
Turn   | Place    | Note
-------+----------+-------------------------------------------
     0 | D:1      | Borgoz the Ghoul Monk began the quest for the Orb.
     0 | D:1      | Reached XP level 1. HP: 19/19 MP: 0/0
   436 | D:1      | Reached XP level 2. HP: 23/26 MP: 1/1
   472 | D:1      | Reached skill level 1 in Armour
   798 | D:1      | Reached XP level 3. HP: 31/31 MP: 2/2
  1174 | D:2      | Found a shimmering altar of Xom.
  1547 | D:2      | Noticed Terence
  1570 | D:2      | HP: 1/33 [adder (4)]
  1577 | D:2      | Reached XP level 4. HP: 12/40 MP: 3/3
  1581 | D:2      | Killed Terence
  1660 | D:2      | Found a basalt altar of Yredelemnul.
  2058 | D:3      | Found an iron altar of Okawaru.
  2069 | D:3      | Became a worshipper of Warmaster Okawaru
  2069 | D:3      | Reached * piety under Okawaru
  2069 | D:3      | Reached ** piety under Okawaru
  2480 | D:3      | Reached XP level 5. HP: 46/46 MP: 4/4
  3094 | D:3      | You fall into a shaft and drop 1 floor!
  3248 | D:4      | Found a burning altar of Makhleb.
  3470 | D:4      | Found an ornate altar of the Wu Jian Council.
  3755 | D:5      | Entered Level 5 of the Dungeon
  3758 | D:5      | Reached skill level 1 in Invocations
  3758 | D:5      | Reached XP level 6. HP: 12/52 MP: 5/5
  3889 | D:4      | Found a glowing golden altar of the Shining One.
  3889 | D:4      | Found a glowing silver altar of Zin.
  3890 | D:4      | Found a white marble altar of Elyvilon.
  4181 | D:4      | Got an ichor-stained robe
  4192 | D:4      | Identified the +2 robe "Bofiucea" {rCorr Stlth+} (You found
                  | it on level 4 of the Dungeon)
  4298 | D:5      | Noticed a necrophage
  4312 | D:5      | Killed a necrophage
  4312 | D:5      | Reached XP level 7. HP: 48/60 MP: 7/7
  4843 | D:5      | HP: 2/60 [iguana (6)]
  4844 | D:5      | Slain by an iguana

Illustrated notes

Levels and vault maps discovered:
D:1:      co_arrival_square_in_a_square_in_a_square, layout_loops_ring,
          st_stairs_12
D:2:      layout_loops_corners, yredelemnul_forgotten_temple_becter,
          nicolae_overflow_crystal_walls, uniq_terence
D:3:      layout_basic, kennysheep_okawaru_gauntlet
D:4:      minmay_clustersquares, layout_loops_ring, good_gods_mini_temple,
          lemuel_crystal_altar, dk_noncrumbling_3, makhleb_blood_cavern_becter
D:5:      layout_basic, minmay_temple_entry_arrows, serial_shops,
          nicolae_shop_stone
D:6:      layout_cave_pools, nemelex_xobeh_ov_fountains_minmay, serial_shops,
          nicolae_shop_waterfront, shop, nicolae_shop_window_shopping

Skill      XL: |  1  2  3  4  5  6  7 |
---------------+----------------------+-----
Armour         | 1 2 3 |  3.9
Long Blades    | 3 4 |  4.9
Dodging        | 3 4 |  4.0
Fighting       | 4 |  4.8
Invocations    | 1 2 |  2.5
Stealth        | |  2.1

Action                   |  1- 3 |  4- 6 |  7- 9 || total
-------------------------+-------+-------+-------++-------
Melee: Falchion          |   123 |   325 |   117 ||   565
       Punch             |       |     1 |       ||     1
Invok: Heroism           |       |     2 |       ||     2
Evoke: Wand              |       |     2 |       ||     2
  Use: Potion            |     3 |     2 |     2 ||     7
 Stab: Sleeping          |     4 |       |       ||     4
Armor: Robe              |     7 |       |       ||     7
       Plate armour      |    56 |   274 |   103 ||   433
Dodge: Dodged            |    46 |    92 |    35 ||   173
       Rpst.: Falchion   |    23 |    30 |     8 ||    61

Table legend: (Time is in decaauts)
 A = Elapsed time spent in this place.
 B = Non-inter-level travel time spent in this place.
 C = Inter-level travel time spent in this place.
 D = Time resting spent in this place.
 E = Time spent auto-exploring this place.
 F = Levels seen in this place.
 G = Mean time per level.
                   A        B        C        D        E       F      G
               +--------+--------+--------+--------+--------+-----+--------+
         Total |   4887 |   4708 |    179 |    998 |   2643 |   6 |  814.5 |
       Dungeon |   4887 |   4708 |    179 |    998 |   2643 |   6 |  814.5 |
               +--------+--------+--------+--------+--------+-----+--------+

Top non-repeatable levels by time:
     D:3: 1130 daAuts
     D:4: 1075 daAuts
     D:2: 1059 daAuts
     D:1: 987 daAuts
     D:5: 613 daAuts
     D:6: 20 daAuts
